 Dungeon Crawl Stone Soup version 0.30-a0-799-g109b55a442 (webtiles) character file.

Game seed: 676218024792647425

435 lesbiats the Cudgeller (level 6, -5/62 HPs)
             Began as a Troll Fighter on Feb 20, 2023.
             Was an Initiate of Trog.
             Slain by an ogre
             ... wielding a +0 giant club
              (33 damage)
             ... on level 4 of the Dungeon.
             The game lasted 00:09:00 (2722 turns).

lesbiats the Cudgeller (Troll Fighter)              Turns: 2722, Time: 00:09:01

Health: -5/62      AC:  4    Str: 27    XL:     6   Next: 68%
Magic:  5/5        EV:  9    Int:  4    God:    Trog [......]
Gold:   209        SH:  7    Dex:  9    Spells: 5/5 levels left

rFire   . . .      SeeInvis .    a - +0 flail
rCold   . . .      Faith    .    c - +0 kite shield
rNeg    . . .      Spirit   .    b - +0 robe
rPois   .          Reflect  .    (helmet restricted)
rElec   .          Harm     .    (no cloak)
rCorr   .          Rampage  .    (gloves unavailable)
Will    .....                    (boots unavailable)
Stlth   +                        (no amulet)
HPRegen 1.10/turn                (no ring)
MPRegen 0.09/turn                (no ring)

@: no status effects
A: large, unfitting armour, claws 3, regeneration 1, shaggy fur 1, tough skin 1
a: Renounce Religion


You were on level 4 of the Dungeon.
You worshipped Trog.
Trog was noncommittal.
You visited 1 branch of the dungeon, and saw 4 of its levels.

You collected 289 gold pieces.
You spent 80 gold pieces at shops.

Inventory:

Hand Weapons
 a - a +0 flail (weapon)
Armour
 b - a +0 robe (worn)
 c - a +0 kite shield (worn)
Jewellery
 e - an amulet of regeneration
 f - a ring of magical power
Wands
 r - a wand of flame (4)
Scrolls
 g - a scroll of vulnerability
 j - 5 scrolls of teleportation
 l - 2 scrolls of enchant armour
 o - a scroll of immolation
 p - a scroll of noise
 s - a scroll of torment
 t - a scroll of fog
Potions
 d - a potion of mutation {unknown}
 h - a potion of haste {unknown}
 i - 2 potions of lignification
 k - a potion of brilliance {unknown}
 m - 3 potions of heal wounds
 n - a potion of curing
 q - 4 potions of attraction
 u - a potion of ambrosia {unknown}


   Skills:
 + Level 3.9 Fighting
 * Level 4.4 Maces & Flails
 + Level 3.9 Dodging
 - Level 2.6 Shields


You had 5 spell levels left.
You didn't know any spells.
Your spell library contained the following spells:

 Spells                   Type           Power      Damage    Failure   Level
 Freeze                   Ice            0%         1d3       80%         1
 Frozen Ramparts          Ice            0%         1d1       99%         3
 Hailstorm                Conj/Ice       0%         3d3       99%         3


Dungeon Overview and Level Annotations

Branches:
Dungeon (4/15)
 Temple: D:4-7

Altars:
Qazlal
Trog

Shops:
D:2 *(![


Innate Abilities, Weirdness & Mutations

You are too large for most types of armour.
You have claws for hands.
Your natural rate of healing is unusually fast.
You are covered in fur. (AC +1)
You have tough skin. (AC +1)


Message History

No target in view!
You open the door.
There is an open door here.
u - a scroll of identify
As you read the scroll of identify, it crumbles to dust.
q - 4 potions of attraction You open the door.
There is an open door here.
You open the door.
There is an open door here.
There is an open door here.
You open the door.
There is an open door here.
u - a puce potion You open the door.
A ball python, an ogre and a hobgoblin come into view.
The ogre shouts!
The hobgoblin shouts!
There is an open door here.
You barely miss the ogre.
The ball python hisses angrily.
The ogre hits you with a +0 giant club!
You barely miss the ogre. You block the hobgoblin's attack.
The ogre barely misses you. The hobgoblin hits you.
You sock the ogre!
The ogre is heavily wounded.
You block the hobgoblin's attack. You block the ogre's attack.
You hit the ogre.
The ogre is heavily wounded.
You block the hobgoblin's attack.
The ogre hits you with a +0 giant club!!
You are too injured to fight recklessly!
You hit the ogre but do no damage.
The ogre is heavily wounded.
The hobgoblin hits you.
You hit the ogre.
The ogre is severely wounded.
The hobgoblin closely misses you.
The ogre hits you with a +0 giant club!!
Ouch! That really hurt!
You die...

#......# #
######## # # #+#
#..## ###g...#
#.@OS..# #.##..#+
#.# ## #.## # #..#
### ##.#### #..
#....###### ###..
####......####.'..
##..........###


You could see an ogre, a hobgoblin and a ball python.

Vanquished Creatures
  Menkaure (D:4)
  A hound (D:4)
  An iguana (D:4)
  Natasha (thrice) (D:2)
  An orc wizard (D:4)
  4 gnolls (D:3)
  2 adders
  A worm (D:2)
  7 dart slugs
  7 orcs
  6 endoplasms
  8 giant cockroaches
  4 goblins
  7 hobgoblins
  7 kobolds
  4 quokkas
  8 ball pythons
  6 bats
  A frilled lizard (D:1)
  5 rats
84 creatures vanquished.

Notes
Turn   | Place    | Note
-------+----------+-------------------------------------------
     0 | D:1      | lesbiats the Troll Fighter began the quest for the Orb.
     0 | D:1      | Reached XP level 1. HP: 22/22 MP: 0/0
    54 | D:1      | Reached skill level 2 in Maces & Flails
    61 | D:1      | Reached XP level 2. HP: 29/29 MP: 1/1
   627 | D:1      | Reached XP level 3. HP: 36/36 MP: 2/2
   699 | D:2      | Found Ibalatz's Antique Armour Shop.
   702 | D:2      | Noticed Natasha
   723 | D:2      | Killed Natasha
   805 | D:2      | Found Paxetuam's Distillery.
   811 | D:2      | Bought a potion of heal wounds for 50 gold pieces
   811 | D:2      | Bought a potion of curing for 30 gold pieces
   817 | D:2      | Reached XP level 4. HP: 45/45 MP: 3/3
   829 | D:2      | Found Ramer's Weapon Shop.
   870 | D:2      | Noticed Natasha
   875 | D:2      | Killed Natasha
   925 | D:2      | Found Lewka's Assorted Antiques.
  1116 | D:2      | Reached skill level 3 in Maces & Flails
  1182 | D:2      | Noticed Natasha
  1191 | D:2      | Killed Natasha
  1192 | D:2      | Reached XP level 5. HP: 44/53 MP: 4/4
  1776 | D:3      | Found a bloodstained altar of Trog.
  1781 | D:3      | Became a worshipper of Trog the Wrathful
  2367 | D:4      | Found a stormy altar of Qazlal.
  2390 | D:4      | Reached XP level 6. HP: 56/62 MP: 5/5
  2402 | D:4      | Noticed Menkaure
  2412 | D:4      | Killed Menkaure
  2413 | D:4      | Reached skill level 4 in Maces & Flails
  2722 | D:4      | Slain by an ogre

Illustrated notes

Levels and vault maps discovered:
D:1:      tarquinn_simple_flora_water_d, layout_basic, serial_bayou_pond_b,
          grunt_decor_arrowhead, minmay_misc_feat_more_columns, hex_large
D:2:      layout_loops_ring, serial_shops, shop, nicolae_diamond_shop,
          nicolae_shop_advertising_works [nicolae_subvault_shop_adworks], shop,
          uniq_natasha
D:3:      layout_basic, lightli_temple_of_fire, minmay_close_crescents
D:4:      minmay_bubble_buster, layout_gridville,
          nicolae_qazlal_eye_of_the_storm, uniq_menkaure

Skill      XL: |  1  2  3  4  5  6 |
---------------+-------------------+-----
Maces & Flails | 2 3 4 |  4.4
Fighting       | 3 |  3.9
Dodging        | 3 |  3.9
Shields        | |  2.6

Action                     |  1- 3 |  4- 6 || total
---------------------------+-------+-------++-------
  Melee: Flail             |    81 |   198 ||   279
    Use: Scroll            |       |     9 ||     9
         Potion            |       |     2 ||     2
   Stab: Sleeping          |     1 |       ||     1
         Distracted        |       |     1 ||     1
 Armour: Robe              |    29 |    70 ||    99
  Dodge: Dodged            |    31 |   100 ||   131
  Block: Kite shield       |    41 |    82 ||   123

Table legend: (Time is in decaauts)
 A = Elapsed time spent in this place.
 B = Non-inter-level travel time spent in this place.
 C = Inter-level travel time spent in this place.
 D = Time resting spent in this place.
 E = Time spent auto-exploring this place.
 F = Levels seen in this place.
 G = Mean time per level.
                   A        B        C        D        E       F      G
               +--------+--------+--------+--------+--------+-----+--------+
         Total |   2846 |   2799 |     47 |     69 |   1986 |   4 |  711.5 |
       Dungeon |   2846 |   2799 |     47 |     69 |   1986 |   4 |  711.5 |
               +--------+--------+--------+--------+--------+-----+--------+

Top non-repeatable levels by time:
     D:2: 781 daAuts
     D:3: 729 daAuts
     D:1: 710 daAuts
     D:4: 624 daAuts
